[Event "Titled Tuesday Blitz June 29 2021"]
[White "mbojan"]
[Black "Mikhail_Bryakin"]
[WhiteElo "2654"]
[BlackElo "2759"]
[Result "1-0"]
[Round "09"]
[TimeControl "180+1"]
[Date "2021.06.29"]
[WhiteClock "0:00:12"]
[BlackClock "0:01:36"]

1. e4 d6 2. d4 Nf6 3. Nc3 g6 4. f4 Bg7 5. Nf3 O-O 6. e5 Nfd7 7. Bc4 c5 8. e6 fxe6 9. Bxe6+ Kh8 10. O-O cxd4 11. Nxd4 Nc5 12. Bxc8 Qxc8 13. Be3 Nc6 14. Nxc6 Qxc6 15. Bd4 Rac8 16. Bxg7+ Kxg7 17. Qd4+ Kg8 18. Rae1 e6 19. b4 Nd7 20. Ne4 Qb6 21. Qxb6 Nxb6 22. Nxd6 Rxc2 23. Rxe6 Rxa2 24. Nxb7 Nd5 25. g3 Rc8 26. Rf2 Rc1+ 27. Kg2 Rcc2 28. Rxc2 Rxc2+ 29. Kh3 Nxb4 30. Nd6 a5 31. Re8+ Kg7 32. Ra8 Ra2 33. Ne4 Nd5 34. Ra7+ Kg8 35. Rd7 Ne3 36. Nf6+ Kf8 37. Nxh7+ Ke8 38. Nf6+ Kf8 39. Ra7 a4 40. Nd7+ Ke8 41. Ne5 a3 42. Nxg6 Nc4 43. f5 Rf2 44. g4 a2 45. Kh4 Rxh2+ 46. Kg5 Rf2 47. f6 Nd6 48. Re7+ Kd8 49. Ra7 Ne4+ 50. Kh6 Nxf6 51. g5 Ng4+ 52. Kg7 Ne3 53. Ne5 Nf5+ 54. Kg6 Nd6 55. Ra8+ Ke7 56. Ra4 Rg2 57. Nc6+ Kd7 58. Nb4 Rg4 59. Ra7+ Ke6 60. Nxa2 Ne4 61. Ra6+ Ke5 62. Ra5+ Ke6 63. Nc1 Rg3 64. Ne2 Rg4 65. Nd4+ Kd6 66. Nf3 Rg3 67. Rf5 Nc5 68. Rf6+ Kd5 69. Nh4 Ne4 70. Rf5+ Kd4 71. Nf3+ Ke3 72. Ne5 Kd4 73. Nc6+ Ke3 74. Ne7 Kd4 75. Ng8 Nd6 76. Ra5 Nc4 77. Ra4 Kc5 78. Nf6 Rg1 79. Ra8 Nd6 80. Ra5+ Kc6 81. Ra2 Rg3 82. Rc2+ Kb6 83. Nh5 Rg1 84. Rd2 Ne4 85. Rd5 Kc6 86. Rf5 Nd6 87. Rf6 Kd7 88. Nf4 Ne4 89. Rf7+ Ke8 90. Rf5 Ke7 91. Re5+ Kf8 92. Rxe4 Ra1 93. Kf5 Ra5+ 94. Re5 Ra4 95. g6 Kg7 96. Re7+ Kg8 97. Ne6 Ra5+ 98. Kf6 Ra8 99. Rd7 Re8 100. Rd8 Rxd8 101. Nxd8 Kf8 102. Ne6+ Kg8 103. Ng5 Kf8 104. Nf3 Kg8 105. g7 Kh7 106. Kf7 Kh6 107. g8=Q Kh5 108. Qg5# 1-0


[Site "https://www.chess.com"]

[Event "Titled Tuesday Blitz June 29 2021"]
[White "tsaruk_maks"]
[Black "DenLaz"]
[WhiteElo "2661"]
[BlackElo "2848"]
[Result "0-1"]
[Round "09"]
[TimeControl "180+1"]
[Date "2021.06.29"]
[WhiteClock "0:00:03"]
[BlackClock "0:00:07"]

1. Nf3 d5 2. g3 g6 3. Bg2 Bg7 4. O-O e5 5. d3 Ne7 6. Nbd2 O-O 7. e4 Nbc6 8. c3 a5 9. a4 h6 10. Re1 Re8 11. h4 Bg4 12. Qb3 Qd7 13. exd5 Nxd5 14. Ne4 Red8 15. Nc5 Qe7 16. d4 b6 17. Nh2 Be6 18. Nxe6 Qxe6 19. dxe5 Nxe5 20. f4 Nxf4 21. Qxe6 Nxe6 22. Bxa8 Rxa8 23. Be3 Nc4 24. b3 Nd6 25. Bd2 Nc5 26. Rab1 Nce4 27. Bf4 Bxc3 28. Rec1 Bd4+ 29. Kg2 Nc5 30. Nf3 Bg7 31. Rd1 Nf5 32. Kh3 Ne6 33. Be5 Bxe5 34. Nxe5 Nc5 35. Rd5 Re8 36. Rbd1 Ne3 37. Rd8 Rxd8 38. Rxd8+ Kg7 39. Rc8 Ne6 40. Re8 Nd5 41. Rb8 h5 42. Nc6 Nc5 43. Rd8 Nf6 44. Rc8 Nd5 45. Rd8 Ne3 46. Rc8 Ne6 47. Nd8 Nd4 48. Rxc7 Nef5 49. Rxf7+ Kg8 50. Rd7 Nxb3 51. Ne6 Nc1 52. Rb7 Nd3 53. Rxb6 Nf2+ 54. Kg2 Ne4 55. Rb7 Nc3 56. Rb5 Nxb5 57. axb5 Nd6 58. b6 a4 59. Nc5 a3 60. Nb3 Kf7 61. Kf3 Ke6 62. Kf4 Kd5 63. Kg5 Kc4 64. Na1 Kc3 65. Kxg6 Kb2 66. g4 hxg4 67. h5 g3 68. h6 g2 69. h7 g1=Q+ 70. Kf6 Qd4+ 71. Ke6 Nb7 0-1


[Site "https://www.chess.com"]

[Event "Titled Tuesday Blitz June 29 2021"]
[White "wonderfultime"]
[Black "JonahWillow"]
[WhiteElo "2864"]
[BlackElo "2717"]
[Result "1-0"]
[Round "09"]
[TimeControl "180+1"]
[Date "2021.06.29"]
[WhiteClock "0:01:04"]
[BlackClock "0:00:04"]

1. d4 Nf6 2. Nf3 e6 3. Bg5 c5 4. c3 cxd4 5. cxd4 Be7 6. Nc3 O-O 7. e3 b6 8. Bd3 Ba6 9. Bxa6 Nxa6 10. O-O d5 11. Rc1 Nb8 12. Qa4 a6 13. Ne5 Nfd7 14. Bxe7 Qxe7 15. Nd3 Nf6 16. Rc2 Nbd7 17. Rfc1 Qd6 18. Ne2 b5 19. Qa5 Qb6 20. Qxb6 Nxb6 21. Rc6 Nfd7 22. Nc5 Rfc8 23. Rxc8+ Rxc8 24. Nxa6 Ra8 25. Nb4 Kf8 26. Kf1 Ra4 27. a3 Ra8 28. Nc3 Nc4 29. Nxb5 Nxb2 30. Rc7 Nb6 31. Nd6 N2c4 32. Nxf7 Rxa3 33. Ng5 Rb3 34. Nxe6+ Ke8 35. Nxg7+ Kd8 36. Ne6+ Ke8 37. Nc6 Rb1+ 38. Ke2 Rb2+ 39. Kf3 Nd7 40. Ng7+ Kf7 41. Rxd7+ 1-0


[Site "https://www.chess.com"]

[Event "Titled Tuesday Blitz June 29 2021"]
[White "Alexander_Donchenko"]
[Black "GM_Crest"]
[WhiteElo "2866"]
[BlackElo "2817"]
[Result "1/2-1/2"]
[Round "10"]
[TimeControl "180+1"]
[Date "2021.06.29"]
[WhiteClock "0:00:30"]
[BlackClock "0:00:24"]

1. Nf3 d5 2. g3 c6 3. Bg2 Bg4 4. h3 Bh5 5. O-O Nd7 6. d4 e6 7. c4 Bd6 8. Nc3 Ngf6 9. Qb3 Qb6 10. c5 Qxb3 11. axb3 Bc7 12. b4 Ne4 13. Re1 f5 14. Nd2 Ndf6 15. Nb3 a6 16. Bf4 O-O-O 17. Nc1 Bxf4 18. gxf4 h6 19. Nd3 g5 20. f3 Nxc3 21. bxc3 Rhg8 22. Kf2 Kc7 23. Rh1 Rg7 24. Rag1 Rdg8 25. e3 Kd8 26. Bf1 Ke7 27. Be2 Be8 28. Rg2 Kf8 29. Rhg1 Bh5 30. Ne5 gxf4 31. exf4 Rxg2+ 32. Rxg2 Rxg2+ 33. Kxg2 Be8 34. Kf2 Nh5 35. Ke3 Ke7 36. Nd3 Nf6 37. Nc1 Nh5 38. Nb3 Bd7 39. Na5 Bc8 40. Bd3 Kd7 41. Be2 Kc7 42. Nb3 Bd7 43. Nc1 Bc8 44. Nd3 1/2-1/2


[Site "https://www.chess.com"]

[Event "Titled Tuesday Blitz June 29 2021"]
[White "Alexander_Zubov"]
[Black "Witik"]
[WhiteElo "2983"]
[BlackElo "2660"]
[Result "1-0"]
[Round "10"]
[TimeControl "180+1"]
[Date "2021.06.29"]
[WhiteClock "0:00:21"]
[BlackClock "0:00:07"]

1. e4 c6 2. d4 d5 3. e5 Bf5 4. Nf3 e6 5. Be2 Nd7 6. O-O Bg6 7. Nbd2 Nh6 8. Nb3 Nf5 9. a4 Be7 10. a5 O-O 11. Re1 c5 12. c3 c4 13. Nbd2 f6 14. exf6 Bxf6 15. Bf1 Re8 16. b3 e5 17. dxe5 Nxe5 18. bxc4 Nxf3+ 19. Nxf3 Bxc3 20. Rxe8+ Qxe8 21. Ra3 d4 22. g4 Nd6 23. Nxd4 Bb4 24. Rb3 Bc5 25. Be3 Rd8 26. Qf3 Ne4 27. Rd3 Qe5 28. Nf5 Rf8 29. Rd5 1-0


[Site "https://www.chess.com"]

[Event "Titled Tuesday Blitz June 29 2021"]
[White "Alexsur1981"]
[Black "TigrVShlyape"]
[WhiteElo "2875"]
[BlackElo "2849"]
[Result "1/2-1/2"]
[Round "10"]
[TimeControl "180+1"]
[Date "2021.06.29"]
[WhiteClock "0:00:31"]
[BlackClock "0:00:37"]

1. e4 c5 2. Nc3 Nc6 3. Bb5 Nd4 4. Nf3 a6 5. Bd3 Nc6 6. Be2 Nf6 7. d4 cxd4 8. Nxd4 e5 9. Nf5 d5 10. Nxd5 Nxd5 11. exd5 Bxf5 12. dxc6 Qxd1+ 13. Bxd1 bxc6 14. Be3 a5 15. Bf3 e4 16. Be2 Be6 17. a3 Be7 18. O-O-O O-O 19. f3 exf3 20. Bxf3 Rfc8 21. Bd4 a4 22. Bc3 g6 23. Rhe1 h5 24. h3 Ra7 25. g4 Bg5+ 26. Kb1 h4 27. Rd6 c5 28. Rdxe6 fxe6 29. Rxe6 Kh7 30. Be4 Rg8 31. Rc6 Be3 32. Bf6 Kh6 33. Bxh4 Rf7 34. Bd3 Rf3 35. Be7 Rxh3 36. Bxc5 Bxc5 37. Rxc5 Rg3 38. Rc4 Ra8 39. Re4 Ra7 40. Ka2 Kg5 41. Be2 Kf6 42. Bd3 Kg5 43. Be2 Kf6 44. Bd3 Kg5 1/2-1/2


[Site "https://www.chess.com"]

[Event "Titled Tuesday Blitz June 29 2021"]
[White "Arseniy_Nesterov"]
[Black "wonderfultime"]
[WhiteElo "2819"]
[BlackElo "2869"]
[Result "0-1"]
[Round "10"]
[TimeControl "180+1"]
[Date "2021.06.29"]
[WhiteClock "0:00:04"]
[BlackClock "0:00:07"]

1. d4 d5 2. c4 c6 3. Nf3 Nf6 4. e3 Bf5 5. Nc3 e6 6. Be2 Nbd7 7. O-O Bd6 8. b3 O-O 9. Bb2 Qe7 10. Nh4 Be4 11. f3 Ng4 12. fxe4 Qxh4 13. Bxg4 Qxh2+ 14. Kf2 Qg3+ 15. Kg1 Qxe3+ 16. Kh1 dxe4 17. Qe1 Qh6+ 18. Bh3 f5 19. d5 Ne5 20. dxe6 Nd3 21. Qe2 Qg5 22. g4 Qh4 23. Qg2 fxg4 24. Qxg4 Nf2+ 25. Rxf2 Qxf2 26. Qg2 Qxg2+ 27. Bxg2 Be5 28. Re1 Rae8 29. Ba1 Rxe6 30. Rxe4 Rh6+ 31. Kg1 Bh2+ 32. Kh1 Bc7+ 33. Kg1 Bb6+ 0-1


[Site "https://www.chess.com"]

[Event "Titled Tuesday Blitz June 29 2021"]
[White "Byniolus"]
[Black "mbojan"]
[WhiteElo "2775"]
[BlackElo "2664"]
[Result "0-1"]
[Round "10"]
[TimeControl "180+1"]
[Date "2021.06.29"]
[WhiteClock "0:00:57"]
[BlackClock "0:00:08"]

1. d4 Nf6 2. Bf4 d6 3. e3 g6 4. h3 Bg7 5. Nf3 O-O 6. Be2 Nbd7 7. O-O b6 8. c3 Bb7 9. Nbd2 c5 10. a4 a6 11. Bg3 Ra7 12. Ne1 Qa8 13. Bf3 Bxf3 14. Qxf3 Qxf3 15. Nexf3 Rfa8 16. e4 Ne8 17. e5 cxd4 18. cxd4 dxe5 19. dxe5 Nc7 20. Rfd1 Ne6 21. a5 b5 22. Rac1 Ndc5 23. Rc2 Rd8 24. b4 Nd3 25. Rb1 Rc7 26. Rxc7 Nxc7 27. Ne4 Nd5 28. e6 fxe6 29. Nfg5 N5xb4 30. Nxe6 Rc8 31. Bc7 Nd5 32. Bd8 Rc1+ 33. Rxc1 Nxc1 34. N4c5 Nb4 35. Bxe7 Kf7 36. Bd6 Ncd3 37. Nxd3 Nxd3 38. Nc7 Bc3 39. Nxa6 Bxa5 40. Kf1 Ke6 41. Bf8 Kf7 42. Bd6 Ke6 43. Bf8 Kd5 44. Ke2 Kc4 45. Bg7 b4 46. g4 b3 47. Nb8 Bc3 48. Bxc3 Kxc3 49. Nc6 b2 50. Kf3 b1=Q 51. Nd4 Qd1+ 52. Ne2+ Kd2 53. Ke4 Qxe2+ 0-1


[Site "https://www.chess.com"]

[Event "Titled Tuesday Blitz June 29 2021"]
[White "ChessLover0108"]
[Black "GregShahade"]
[WhiteElo "2860"]
[BlackElo "2738"]
[Result "1-0"]
[Round "10"]
[TimeControl "180+1"]
[Date "2021.06.29"]
[WhiteClock "0:00:36"]
[BlackClock "0:00:03"]

1. d4 Nf6 2. c4 g6 3. Nc3 d5 4. Bg5 Ne4 5. Bf4 Nxc3 6. bxc3 c5 7. cxd5 Qxd5 8. Nf3 Bg7 9. e3 O-O 10. Be2 Nc6 11. O-O cxd4 12. cxd4 Bf5 13. Rc1 Rac8 14. h3 Qxa2 15. Bc4 Qa5 16. Qb3 Qb4 17. Qa2 Qa5 18. Qb3 e5 19. dxe5 Nxe5 20. Bxe5 Bxe5 21. Qxb7 Rc7 22. Qd5 Qxd5 23. Bxd5 Rfc8 24. Bxf7+ Kg7 25. Rxc7 Bxc7 26. Bb3 Bd8 27. Nd4 Bf6 28. Nxf5+ gxf5 29. Rd1 Rc7 30. g3 a5 31. Rd5 Ra7 32. Ba4 Kg6 33. Kg2 Bc3 34. h4 Rb7 35. Bc2 Ra7 36. Rxf5 Kg7 37. Rf4 Bb4 38. g4 h6 39. Rc4 Bd6 40. f4 Bb4 41. Kf3 Rd7 42. g5 hxg5 43. hxg5 Rd2 44. Rc7+ Kf8 45. g6 Bd6 46. g7+ Kg8 47. Bb3+ Kh7 48. g8=Q+ 1-0


[Site "https://www.chess.com"]

[Event "Titled Tuesday Blitz June 29 2021"]
[White "ChessWarrior7197"]
[Black "exoticprincess"]
[WhiteElo "2983"]
[BlackElo "2876"]
[Result "0-1"]
[Round "10"]
[TimeControl "180+1"]
[Date "2021.06.29"]
[WhiteClock "0:00:04"]
[BlackClock "0:00:10"]

1. d4 d5 2. c4 c6 3. Nf3 Nf6 4. Qb3 Na6 5. e3 Nc7 6. Nc3 e6 7. Bd3 a5 8. O-O a4 9. Qc2 a3 10. b3 Bb4 11. Bd2 O-O 12. e4 h6 13. e5 Nd7 14. Qc1 Re8 15. Rd1 Bf8 16. Ne2 c5 17. Qc2 b6 18. Rac1 Bb7 19. Be3 Rc8 20. Qb1 dxc4 21. Bxc4 Bxf3 22. gxf3 b5 23. Bd3 cxd4 24. Bxd4 Qg5+ 25. Kh1 Qh5 26. Be4 Nxe5 27. Ng3 Qg5 28. Bb7 Ng6 29. Bxc8 Rxc8 30. Bb6 Nd5 31. Rxc8 Nxb6 32. Rcd8 Nd5 33. R8xd5 exd5 34. Qf5 Qh4 35. Qxd5 Qf6 36. Qf5 Qb2 37. Qxb5 Qxa2 38. Kg1 Qc2 39. Qd3 Qb2 40. Qb1 Qc3 41. Qd3 Qb2 42. Qb1 Qf6 43. Qd3 a2 44. Qa6 Qxa6 0-1


[Site "https://www.chess.com"]

[Event "Titled Tuesday Blitz June 29 2021"]
[White "DeTimmerman"]
[Black "Tayson_7"]
[WhiteElo "2788"]
[BlackElo "2645"]
[Result "0-1"]
[Round "10"]
[TimeControl "180+1"]
[Date "2021.06.29"]
[WhiteClock "0:00:19"]
[BlackClock "0:01:14"]

1. b4 a5 2. b5 a4 3. a3 e5 4. Bb2 d6 5. c4 g6 6. e3 Bg7 7. Nc3 Ne7 8. Nxa4 O-O 9. Nc3 f5 10. Nf3 c6 11. d4 e4 12. Nd2 d5 13. a4 h6 14. Qb3 Be6 15. Be2 Kh7 16. g3 Rf7 17. h4 Ng8 18. c5 Nf6 19. b6 Na6 20. O-O-O Nd7 21. Qc2 Nb4 22. Qb3 Na6 23. Qc2 Qf8 24. Rdg1 Ndxc5 25. dxc5 Nb4 26. Qb3 Qxc5 27. Nb1 d4 28. Qxe6 dxc3 29. Ba3 c2 30. Qb3 Rxa4 31. Qxa4 Na2+ 32. Kd2 Rd7+ 33. Ke1 cxb1=Q+ 34. Bd1 Rxd1+ 35. Qxd1 Bc3+ 36. Ke2 Qc4+ 0-1


[Site "https://www.chess.com"]

[Event "Titled Tuesday Blitz June 29 2021"]
[White "Duhless"]
[Black "erichansen"]
[WhiteElo "3074"]
[BlackElo "2931"]
[Result "1-0"]
[Round "10"]
[TimeControl "180+1"]
[Date "2021.06.29"]
[WhiteClock "0:00:55"]
[BlackClock "0:00:08"]

1. d4 Nf6 2. c4 g6 3. Nf3 Bg7 4. Nc3 d5 5. Bg5 Ne4 6. Bf4 Nxc3 7. bxc3 dxc4 8. e3 Be6 9. Qb1 b6 10. Ng5 Bd5 11. e4 h6 12. Nf3 Be6 13. Be2 O-O 14. Qc1 g5 15. Be3 f5 16. exf5 Rxf5 17. h4 g4 18. Nd2 h5 19. Ne4 Bd5 20. Ng3 Qd7 21. Qc2 e6 22. f3 gxf3 23. gxf3 Rxf3 24. Bxf3 Bxf3 25. Rg1 Nc6 26. Nxh5 Bxh5 27. Bh6 Rf8 28. Rxg7+ Qxg7 29. Bxg7 Kxg7 30. Qg2+ 1-0


[Site "https://www.chess.com"]

[Event "Titled Tuesday Blitz June 29 2021"]
[White "GMKrikor"]
[Black "GOGIEFF"]
[WhiteElo "2772"]
[BlackElo "2982"]
[Result "0-1"]
[Round "10"]
[TimeControl "180+1"]
[Date "2021.06.29"]
[WhiteClock "0:00:02"]
[BlackClock "0:01:04"]

1. e4 c5 2. Nf3 Nc6 3. Bb5 e6 4. O-O Nge7 5. Re1 a6 6. Bf1 Ng6 7. c3 Be7 8. d4 cxd4 9. cxd4 d5 10. exd5 exd5 11. Nc3 O-O 12. h3 Be6 13. Bd3 Rc8 14. Be3 Na5 15. Qd2 Qd7 16. Ng5 Bf5 17. Bxf5 Qxf5 18. Nf3 Nc4 19. Qe2 Bb4 20. Rac1 Rfe8 21. Qc2 Qxc2 22. Rxc2 Nxb2 23. Bd2 Rxe1+ 24. Bxe1 Nd1 25. Nxd1 Rxc2 26. Bxb4 Rc1 27. Kh2 Rxd1 28. Kg3 Ra1 29. a3 f6 30. h4 Kf7 31. h5 Ne7 32. h6 gxh6 33. Kf4 Nc6 34. Bc5 Ke6 35. Nh4 Ra2 36. f3 h5 37. g3 Ne7 38. Bb4 b6 39. Bxe7 Kxe7 40. Nf5+ Kd7 0-1


[Site "https://www.chess.com"]

[Event "Titled Tuesday Blitz June 29 2021"]
[White "GM_dmitrij"]
[Black "DenLaz"]
[WhiteElo "2907"]
[BlackElo "2852"]
[Result "1-0"]
[Round "10"]
[TimeControl "180+1"]
[Date "2021.06.29"]
[WhiteClock "0:00:11"]
[BlackClock "0:00:11"]

1. e4 e5 2. Nf3 Nc6 3. d4 exd4 4. Nxd4 Bc5 5. Be3 Qf6 6. c3 Nge7 7. Bb5 O-O 8. O-O d6 9. Re1 Ne5 10. Be2 N7g6 11. Nc2 Nf4 12. Nd2 Nfd3 13. Bxd3 Nxd3 14. Rf1 Nxb2 15. Qe2 Na4 16. c4 Re8 17. Rae1 Bd7 18. Bxc5 Nxc5 19. Ne3 Bc6 20. f3 Ne6 21. Nb3 a5 22. Nd5 Bxd5 23. cxd5 Nf4 24. Qd2 a4 25. Nd4 Ng6 26. Rb1 c5 27. dxc6 bxc6 28. Nxc6 h5 29. Nb4 Nf4 30. g3 Ng6 31. Nd5 Qd8 32. Rb7 Qa5 33. Qg5 Qc5+ 34. Kg2 Re5 35. Qd2 Qa5 36. Qxa5 Rxa5 37. Rc1 Rc5 38. Rxc5 dxc5 39. Rc7 f5 40. Nc3 fxe4 41. Nxe4 Re8 42. Rxc5 Rb8 43. Nc3 a3 44. Rb5 Rc8 45. Rb3 Rd8 46. Ne4 Rc8 47. Rxa3 Rc2+ 48. Kg1 Ne5 49. Ng5 Kf8 50. h4 Rb2 51. Re3 Ng6 52. a4 Ra2 53. Re4 Ne7 54. Ne6+ Kf7 55. Nxg7 Ra3 56. Kf2 Ra2+ 57. Kf1 Ra1+ 58. Kg2 Ra2+ 59. Kh3 Nd5 60. Nxh5 Nc3 61. Re3 Nd1 62. Rb3 Nf2+ 63. Kg2 Nd1+ 64. Kf1 Rxa4 65. Ke2 Rd4 66. Nf4 Rd7 67. Rd3 Rxd3 68. Nxd3 Nc3+ 69. Ke3 Nd5+ 70. Ke4 Nf6+ 71. Kf5 Nh5 72. Ne5+ Kg7 73. g4 Nf6 74. Kf4 Nd5+ 75. Kf5 Ne7+ 76. Ke4 Nc8 77. h5 Nd6+ 78. Kf4 Nb5 79. g5 Nd4 80. Ng4 Kh7 81. Nf6+ Kg7 82. Kg4 Ne6 83. f4 Nf8 84. f5 Kh8 85. g6 Kg7 86. Kg5 Kh8 87. Ng4 Kg7 88. h6+ Kh8 89. g7+ Kh7 90. Nf6# 1-0


[Site "https://www.chess.com"]

[Event "Titled Tuesday Blitz June 29 2021"]
[White "GigaQuparadze"]
[Black "FairChess_on_YouTube"]
[WhiteElo "2974"]
[BlackElo "2982"]
[Result "1/2-1/2"]
[Round "10"]
[TimeControl "180+1"]
[Date "2021.06.29"]
[WhiteClock "0:00:05"]
[BlackClock "0:00:05"]

1. e4 c5 2. Nf3 e6 3. d4 cxd4 4. Nxd4 Nc6 5. g3 Qb6 6. Nb3 Nf6 7. Be3 Qc7 8. Bg2 b6 9. O-O Ba6 10. Re1 Bb4 11. c3 Be7 12. Bf4 Ne5 13. Nd4 O-O 14. Qa4 Bb7 15. Nb5 Qb8 16. c4 d6 17. Qb3 Nfd7 18. Rd1 Nc5 19. Qc2 a6 20. N5a3 Rc8 21. Nc3 h6 22. Qe2 Bf6 23. Rac1 Ra7 24. Rc2 Ba8 25. Rcd2 Be7 26. Nc2 Rac7 27. Ne3 Ncd7 28. Nb1 b5 29. cxb5 Qxb5 30. Qxb5 axb5 31. Nc3 Bc6 32. a3 g5 33. Bxe5 Nxe5 34. h3 Rb8 35. Na2 Be8 36. Nb4 Rbc8 37. Kh2 Rc1 38. Ng4 Rxd1 39. Rxd1 Nc4 40. Rc1 Rb8 41. Rc2 h5 42. Ne3 Nxe3 43. fxe3 Bf6 44. Bf3 h4 45. gxh4 gxh4 46. Nd3 Kf8 47. Kg2 Bd7 48. Kf2 Rc8 49. Rxc8+ Bxc8 50. Ke2 Ke7 51. Kd2 Bd7 52. b4 Bc8 53. Nf2 Bb2 54. Kc2 Bxa3 55. Nd3 e5 56. Kb3 Bxb4 57. Kxb4 Bxh3 58. Nf2 Bf1 59. Bg4 Kf6 60. Nh3 Bd3 61. Bf3 Bf1 62. Bg4 Bd3 63. Nf2 Bf1 64. Bd7 Kg5 65. Nh3+ Kf6 66. Ng1 Bg2 67. Bf5 d5 68. Kxb5 dxe4 69. Bh3 Bxh3 70. Nxh3 Kf5 71. Nf2 h3 72. Nxh3 Kg4 73. Ng1 Kg3 74. Kc4 Kf2 75. Kd5 Kxe3 76. Kxe5 Kd3 77. Nh3 e3 78. Nf4+ Kd2 79. Kf6 Ke1 80. Ng2+ Kf2 81. Nxe3 Kxe3 82. Kxf7 1/2-1/2


[Site "https://www.chess.com"]

[Event "Titled Tuesday Blitz June 29 2021"]
[White "Hikaru"]
[Black "Oleksandr_Bortnyk"]
[WhiteElo "3166"]
[BlackElo "3027"]
[Result "0-1"]
[Round "10"]
[TimeControl "180+1"]
[Date "2021.06.29"]
[WhiteClock "0:00:01"]
[BlackClock "0:00:10"]

1. e4 Nf6 2. Nc3 d5 3. e5 Nfd7 4. f4 c5 5. Nf3 Nc6 6. Bb5 Ndb8 7. Be2 Bg4 8. O-O e6 9. d3 Be7 10. Ne1 Bxe2 11. Nxe2 d4 12. Ng3 Nd7 13. Ne4 Nb6 14. c4 dxc3 15. bxc3 Nd5 16. c4 Nc3 17. Nxc3 Qd4+ 18. Rf2 Qxc3 19. Rb1 b6 20. Qf3 Rc8 21. Bb2 Qa5 22. f5 exf5 23. Qxf5 O-O 24. a3 Nd4 25. Qe4 Rcd8 26. Nf3 Ne6 27. Nd2 Qa4 28. Nf1 Qb3 29. Rd2 Rd7 30. Ng3 Rfd8 31. Nf5 Bg5 32. Re2 Qxd3 33. Nd6 Qxe4 34. Nxe4 Be7 35. Nc3 Rd2 36. Kf2 Bg5 37. Ne4 Rd1 38. Re1 Rxb1 39. Rxb1 Rd3 40. g3 h5 41. h4 Be7 42. Ke2 Rb3 43. Kd2 Nd4 44. Nc3 g5 45. hxg5 Bxg5+ 46. Kd3 Kh7 47. Ba1 Rxa3 48. Ke4 Nb3 49. Rf1 Nd2+ 50. Kf5 Nxf1 51. Kxg5 Rxa1 0-1


[Site "https://www.chess.com"]

[Event "Titled Tuesday Blitz June 29 2021"]
[White "JiaHaoxiang"]
[Black "ChristopherYoo"]
[WhiteElo "2658"]
[BlackElo "2918"]
[Result "0-1"]
[Round "10"]
[TimeControl "180+1"]
[Date "2021.06.29"]
[WhiteClock "0:00:58"]
[BlackClock "0:01:12"]

1. d4 Nf6 2. c4 e6 3. Nf3 d5 4. g3 Be7 5. Bg2 O-O 6. O-O dxc4 7. Qc2 b5 8. a4 b4 9. Nfd2 Nd5 10. Nxc4 c5 11. Rd1 Ba6 12. e4 Nf6 13. d5 exd5 14. exd5 Bd6 15. b3 Bxc4 16. Qxc4 Nbd7 17. Bb2 Rc8 18. Nd2 Be5 19. Qc2 Bxb2 20. Qxb2 Nb6 21. Nc4 Nxc4 22. bxc4 Qd6 23. Re1 Rfe8 24. f4 Rcd8 25. Bh3 Ne4 26. Re3 Nc3 27. Rae1 Rxe3 28. Rxe3 Nd1 29. Qe5 Nxe3 30. Qxe3 Kf8 31. Bf5 Re8 32. Qd2 g6 33. Bc2 Qf6 34. d6 Rd8 35. d7 Qe7 0-1


[Site "https://www.chess.com"]

[Event "Titled Tuesday Blitz June 29 2021"]
[White "Jospem"]
[Black "Riazantsev"]
[WhiteElo "2944"]
[BlackElo "2756"]
[Result "1-0"]
[Round "10"]
[TimeControl "180+1"]
[Date "2021.06.29"]
[WhiteClock "0:00:03"]
[BlackClock "0:00:02"]

1. e4 g6 2. d4 Bg7 3. c3 a6 4. f4 b5 5. Bd3 Bb7 6. Nf3 e6 7. O-O Ne7 8. Be3 d6 9. Nbd2 Nd7 10. Qe1 h6 11. a4 c6 12. e5 dxe5 13. dxe5 Nxe5 14. Nxe5 Bxe5 15. fxe5 Qxd3 16. Bc5 Nf5 17. g4 O-O-O 18. Rd1 Rhg8 19. Ne4 Qxd1 20. Qxd1 Rxd1 21. Rxd1 Nh4 22. Kf2 g5 23. Nd6+ Kc7 24. a5 Ng6 25. Nxf7 Rg7 26. Bb6+ Kb8 27. Rd8+ Bc8 28. Nd6 Ne7 29. b3 Rg8 30. Rxg8 Nxg8 31. Bd8 c5 32. b4 cxb4 33. cxb4 Bb7 34. Nxb7 Kxb7 35. Ke3 Kc8 36. Bf6 Kd7 37. Ke4 Ke8 38. Kd4 Kf7 39. Bd8 Ke8 40. Bf6 Kf7 41. Bd8 Ke8 42. Bb6 Ne7 43. Kc5 Kd7 44. Ba7 Nd5 45. Bb8 Nc3 46. Bd6 Na4+ 47. Kd4 Nb2 48. Bf8 Nc4 49. Bxh6 Nd2 50. Ke3 Nc4+ 51. Ke4 Nd2+ 52. Ke3 Nc4+ 53. Ke2 Nxe5 54. h3 Nf7 55. Bg7 Kd6 56. Bf8+ Kd5 57. Ke3 e5 58. Bc5 e4 59. Be7 Ke5 60. Bf8 Kd5 61. Bg7 Nd6 62. Bf6 Nf7 63. h4 gxh4 64. Bxh4 Ne5 65. g5 Nc4+ 66. Kf4 Ke6 67. Kxe4 Nd6+ 68. Kf4 Nf5 69. Bf2 Ne7 70. Bc5 Ng6+ 71. Ke4 Nh4 72. Bf2 Ng6 73. Kd4 Kd6 74. Bg3+ Kc6 75. Ke4 1-0


[Site "https://www.chess.com"]

[Event "Titled Tuesday Blitz June 29 2021"]
[White "MatyChess1"]
[Black "NTBT_DHS"]
[WhiteElo "2606"]
[BlackElo "2710"]
[Result "0-1"]
[Round "10"]
[TimeControl "180+1"]
[Date "2021.06.29"]
[WhiteClock "0:00:03"]
[BlackClock "0:01:41"]

1. e4 g6 2. d4 Bg7 3. Nc3 a6 4. Be3 d6 5. g4 Nf6 6. h3 h5 7. g5 Nfd7 8. Bg2 e5 9. Nge2 Nc6 10. h4 O-O 11. O-O exd4 12. Nxd4 Nxd4 13. Bxd4 Ne5 14. Nd5 Be6 15. Nf6+ Bxf6 16. gxf6 c5 17. Bc3 b5 18. b3 b4 19. Bb2 Qxf6 20. Rb1 Qxh4 21. Qxd6 Ng4 22. Qf4 g5 23. Qg3 Qxg3 24. fxg3 Rad8 25. Rfd1 Ne3 26. Rd3 Nxc2 27. Rxd8 Rxd8 28. Bf6 Rd3 29. Bxg5 Rxg3 30. Bf4 Rg4 31. Bd6 Ne3 32. Kf2 Nxg2 33. Bxc5 Nf4 34. Rd1 a5 35. Bb6 a4 36. bxa4 Bxa2 37. a5 Bc4 38. Ke3 Ne6 39. Rc1 Rg3+ 40. Kf2 Rc3 41. Rxc3 bxc3 42. Ke3 h4 0-1


[Site "https://www.chess.com"]

[Event "Titled Tuesday Blitz June 29 2021"]
[White "Murad_Ibrahimli"]
[Black "Shahaliyev"]
[WhiteElo "2837"]
[BlackElo "2722"]
[Result "0-1"]
[Round "10"]
[TimeControl "180+1"]
[Date "2021.06.29"]
[WhiteClock "0:00:13"]
[BlackClock "0:00:20"]

1. Nf3 Nf6 2. d4 b6 3. c4 Bb7 4. Nc3 Ne4 5. Nxe4 Bxe4 6. Nd2 Bb7 7. e4 g6 8. Bd3 Bg7 9. Nf3 Nc6 10. Be3 d6 11. O-O O-O 12. a3 a5 13. b3 e6 14. Rb1 h6 15. Qd2 Kh7 16. h4 e5 17. d5 Nd4 18. Bxd4 exd4 19. h5 Bc8 20. Rbe1 Bg4 21. Nh2 Bd7 22. f4 Qh4 23. e5 Qxh5 24. e6 fxe6 25. dxe6 Bc6 26. e7 Rf6 27. Be4 Bxe4 28. Rxe4 Re8 29. Rfe1 Rf7 30. Qd3 Bf6 31. Re6 Rexe7 32. Rxe7 Rxe7 33. Rxe7+ Bxe7 34. Qxd4 Qf5 35. Nf3 Bf6 36. Qe3 Kg7 37. Kh2 Kf7 38. b4 a4 39. Qd2 Qe4 40. Qd5+ Qxd5 41. cxd5 Bb2 0-1


[Site "https://www.chess.com"]

[Event "Titled Tuesday Blitz June 29 2021"]
[White "OlegKrivonosov"]
[Black "DLR7"]
[WhiteElo "2729"]
[BlackElo "2625"]
[Result "0-1"]
[Round "10"]
[TimeControl "180+1"]
[Date "2021.06.29"]
[WhiteClock "0:00:34"]
[BlackClock "0:01:34"]

1. Nf3 Nf6 2. c4 e6 3. g3 d5 4. d4 Be7 5. Bg2 dxc4 6. Qa4+ Bd7 7. Qxc4 Bc6 8. Nc3 O-O 9. O-O a6 10. Bg5 b5 11. Qd3 Nbd7 12. Rac1 b4 13. Nb1 Bb5 14. Qc2 c5 15. Bxf6 Nxf6 16. dxc5 Rc8 17. Rfd1 Qa5 18. Nd4 Rxc5 19. Qd2 Rd8 20. Qe3 Qxa2 21. Nxb5 Rxd1+ 22. Rxd1 axb5 23. b3 h6 24. Nd2 Nd5 25. Qd4 Nc3 26. Re1 Rc8 27. Ne4 Nxe2+ 0-1


[Site "https://www.chess.com"]

[Event "Titled Tuesday Blitz June 29 2021"]
[White "Sharpchess22"]
[Black "tsaruk_maks"]
[WhiteElo "2865"]
[BlackElo "2657"]
[Result "1-0"]
[Round "10"]
[TimeControl "180+1"]
[Date "2021.06.29"]
[WhiteClock "0:00:34"]
[BlackClock "0:00:05"]

1. d4 Nf6 2. Bg5 d5 3. Nd2 e6 4. e3 Be7 5. Bd3 O-O 6. c3 c5 7. f4 Nc6 8. Ngf3 Ng4 9. Bxe7 Qxe7 10. Bxh7+ Kxh7 11. Ng5+ Kg8 12. Qxg4 f6 13. Ngf3 e5 14. Qh5 exd4 15. Qxd5+ Be6 16. Qe4 f5 17. Qd3 Bf7 18. Kf2 dxc3 19. bxc3 Qf6 20. Rhe1 Rad8 21. Qc2 Rd7 22. Nb3 b6 23. Rad1 Re7 24. g3 Rfe8 25. Ng5 Bc4 26. Nd2 Bd5 27. e4 fxe4 28. Ndxe4 Qf5 29. Rxd5 Qxd5 30. Nf6+ gxf6 31. Qg6+ Kf8 32. Nh7+ Rxh7 33. Rxe8# 1-0


[Site "https://www.chess.com"]